[Event "*** MasterClass Titled Tuesday Blitz"]
[Site "Chess.com"]
[Date "2017.09.05"]
[Round "5"]
[White "The_Jagermeister"]
[Black "ChessQueen"]
[Result "0-1"]
[WhiteElo "2411"]
[BlackElo "2593"]
[TimeControl "180+2"]
[EndTime "14:14:07 PDT"]
[Termination "ChessQueen won by resignation"]

1. d4 Nf6 2. Nf3 e6 3. e3 b6 4. Bd3 Bb7 5. O-O d5 6. c4 Be7 7.
b3 O-O 8. Bb2 c5 9. cxd5 exd5 10. Nc3 Nc6 11. Rc1 Rc8 12. Ne2 Re8 13. Ng3 Bf8 14.
Bf5 Rc7 15. dxc5 bxc5 16. Bb1 Rd7 17. Qc2 g6 18. Rfd1 d4 19. exd4 Nxd4 20. Nxd4 cxd4 21. Qc4 Bh6 22. Rc2 d3 23. Rc3 d2 24. Re3 Bxe3 25. fxe3 Rxe3 26. Qf1 Re1 27. Rxe1 dxe1=Q 28. Qxe1 Rd1 0-1

[Event "*** MasterClass Titled Tuesday Blitz"]
[Site "Chess.com"]
[Date "2017.09.05"]
[Round "5"]
[White "blitzcopter"]
[Black "temiksmozg"]
[Result "0-1"]
[WhiteElo "2036"]
[BlackElo "2418"]
[TimeControl "180+2"]
[EndTime "14:14:10 PDT"]
[Termination "temiksmozg won by resignation"]

1. e4 e6 2. d4 d5 3. Nd2 Nf6 4. e5 Nfd7 5. Bd3 c5 6. c3 Nc6 7.
Ne2 cxd4 8. cxd4 f6 9. exf6 Qxf6 10. Nf3 h6 11. Qc2 Bb4+ 12. Bd2 O-O 13. a3 Bd6 14. Be3 e5 15. dxe5 Ndxe5 16. Nxe5 Bxe5 17. O-O Bxb2 18. Rab1 Be5 19. f4 Bd6 20. Ng3 Bxa3 21. Qb3 Be7 22. Qxd5+ Be6 23. Qe4 g6 24. Rxb7 Bf7 25.
Nh5 Qe6 26. Qxe6 Bxe6 27. Bxg6 Rab8 28. Rxb8 Rxb8 29. f5 Bf7 30. Bxf7+ Kxf7 31. Bxh6 Rh8 32. f6 Bc5+ 33. Kh1 Rxh6 34. Rc1 Rxh5 35. g4 Rd5 0-1

[Event "*** MasterClass Titled Tuesday Blitz"]
[Site "Chess.com"]
[Date "2017.09.05"]
[Round "5"]
[White "r31415"]
[Black "Darkbluelord"]
[Result "1-0"]
[WhiteElo "2169"]
[BlackElo "2137"]
[TimeControl "180+2"]
[EndTime "14:14:15 PDT"]
[Termination "r31415 won by checkmate"]

1. e4 c5 2. Nf3 d6 3. d4 cxd4 4. Nxd4 Nf6 5. Nc3 g6 6. h3 Bg7 7.
g4 d5 8. exd5 Nxd5 9. Bb5+ Kf8 10. Nde2 Be6 11. Nf4 Bxc3+ 12. bxc3 Nc6 13. Nxe6+ fxe6 14. Bh6+ Ke8 15. Qd4 Rg8 16. O-O Qa5 17. a4 a6 18. Bxc6+ bxc6 19. Qe5 Qxc3 20. Qxe6 Nf6 21. Rfe1 Ra7 22. Qc8+ Kf7 23. Qe6+ Ke8 24. Bg5 Rf8 25.
Bh6 Qxh3 26. Qc8+ Kf7 27. Qxf8# 1-0

[Event "*** MasterClass Titled Tuesday Blitz"]
[Site "Chess.com"]
[Date "2017.09.05"]
[Round "5"]
[White "workhard91"]
[Black "DiogenesSinopeus"]
[Result "1-0"]
[WhiteElo "2306"]
[BlackElo "2375"]
[TimeControl "180+2"]
[EndTime "14:14:17 PDT"]
[Termination "workhard91 won by resignation"]

1. d4 Nf6 2. c4 e6 3. Nf3 Bb4+ 4. Bd2 c5 5. Bxb4 cxb4 6. g3 O-O 7. Bg2 d6 8. O-O Nc6 9. a3 bxa3 10. Rxa3 e5 11.
Nc3 Bg4 12. d5 Nb4 13. Nd2 Nd7 14. h3 Bh5 15. Qa4 a5 16. Rfa1 Nc5 17. Qd1 b6 18. Nde4 Nb7 19. Nb5 f5 20. Nec3 Nc5 21. Na4 Nb7 22.
Qd2 f4 23. Rc1 fxg3 24. Rxg3 Bg6 25. Qe3 Nc5 26. Nxc5 bxc5 27. Be4 Bxe4 28. Qxe4 Qf6 29. Qg2 Rac8 30. Kh2 Rf7 31. Rg1 g6 32. f3 Qf4 33.
Nxd6 Rcf8 34. Nxf7 Rxf7 35. Qf2 h5 36. e3 Qf5 37.
Rxg6+ Kh7 38. R6g5 Nd3 39. Rxf5 Rxf5 40. Qg3 1-0

[Event "*** MasterClass Titled Tuesday Blitz"]
[Site "Chess.com"]
[Date "2017.09.05"]
[Round "5"]
[White "MatthewG-p4p"]
[Black "pawnwonder"]
[Result "1-0"]
[WhiteElo "2559"]
[BlackElo "1987"]
[TimeControl "180+2"]
[EndTime "14:14:19 PDT"]
[Termination "MatthewG-p4p won by checkmate"]

1. f4 c5 2. Nf3 Nc6 3. g3 g6 4.
Bg2 Bg7 5. O-O Nf6 6. d3 O-O 7. Nc3 d6 8. e4 Bd7 9. h3 Rb8 10. g4 b5 11. a3 a5 12. Ne2 b4 13. axb4 axb4 14. Ng3 Ra8 15. Rb1 Qb6 16. Be3 Qb5 17. g5 Ne8 18. Nd2 Ra2 19. Qc1 Na5 20. Rf2 b3 21. c4 Qb6 22. f5 Nc6 23. Ne2 Ne5 24.
Nf4 Nc7 25. Qf1 Nc6 26. f6 exf6 27. Nd5 Nxd5 28. cxd5 Nb4 29. gxf6 Bh8 30. Nc4 Qc7 31. Bf4 Ra6 32. Bd2 Rb8 33. Bc3 Ra2 34. Qd1 Na6 35. Qd2 Bb5 36. Qf4 Bxc4 37. dxc4 Nb4 38. Bf1 Ra4 39. e5 Rd8 40. e6 Re8 41. e7 Na2 42.
Bd2 Qb6 43. Qg3 Qa6 44. h4 Nb4 45. h5 Nc2 46. hxg6 hxg6 47. Qxg6+ fxg6 48. f7+ Kg7 49.
f8=Q+ Rxf8 50. exf8=Q+ Kh7 51. Rh2# 1-0

[Event "*** MasterClass Titled Tuesday Blitz"]
[Site "Chess.com"]
[Date "2017.09.05"]
[Round "5"]
[White "BilodeauA"]
[Black "joppie2"]
[Result "1-0"]
[WhiteElo "2654"]
[BlackElo "2586"]
[TimeControl "180+2"]
[EndTime "14:14:34 PDT"]
[Termination "BilodeauA won on time"]

1. e4 e5 2. Nf3 Nc6 3. Bb5 g6 4. O-O Bg7 5. c3 d6 6. d4 Bd7 7. d5 Nce7 8. Bxd7+ Qxd7 9. Be3 h6 10. Nfd2 f5 11. f3 Nf6 12. c4 O-O 13. Nc3 Kh7 14. c5 fxe4 15. fxe4 Ng4 16. Qe2 Nxe3 17. Qxe3 h5 18.
Rxf8 Rxf8 19. cxd6 Bh6 20. Qxa7 Nc8 21. Qa5 Bxd2 22.
dxc7 Nd6 23. h3 Nxe4 24. Qb4 Nxc3 25. Qxf8 Be3+ 26. Kh1 Qxc7 27. d6 Qc5 28. Qf7+ Kh6 29. d7 Qd6 30. bxc3 e4 31. Qe8 Bb6 32. Rf1 1-0

[Event "*** MasterClass Titled Tuesday Blitz"]
[Site "Chess.com"]
[Date "2017.09.05"]
[Round "5"]
[White "tomsishere"]
[Black "Aygehovit1992"]
[Result "1-0"]
[WhiteElo "2300"]
[BlackElo "2448"]
[TimeControl "180+2"]
[EndTime "14:14:34 PDT"]
[Termination "tomsishere won by checkmate"]

1. d4 g6 2. c4 Bg7 3. e4 d6 4. Nc3 e5 5. Nge2 exd4 6. Nxd4 Nc6 7. Be3 Nge7 8. h4 h5 9. Qd2 O-O 10. Be2 Be6 11. Nxe6 fxe6 12. g4 Ne5 13. gxh5 gxh5 14. O-O-O Nf3 15. Bxf3 Rxf3 16. Rhg1 Rf7 17. Bh6 Kh7 18.
Bxg7 Rxg7 19. Rg5 Ng6 20. Rdg1 Qf6 21. Rxh5+ Kg8 22. Rhg5 Kf7 23. h5 Rag8 24. hxg6+ Rxg6 25. Rxg6 Rxg6 26. Rxg6 Qxg6 27. Qf4+ Ke7 28. Kd2 a6 29. Qh4+ Kd7 30. Qg3 Qh6+ 31. Qe3 Qh1 32. e5 Qa1 33. Kc2 Qf1 34. exd6 cxd6 35. Qd4 Kc6 36. Qe4+ Kc7 37. Qxe6 Qxf2+ 38. Qe2 Qf5+ 39. Kb3 Qh3 40. Qe7+ Kc6 41. Qe4+ Kc7 42. Kc2 Qh2+ 43. Qe2 Qh7+ 44. Kb3 Qh3 45.
Qd2 b6 46. Qd5 a5 47. Ka4 Qd7+ 48. Nb5+ Kc8 49. Qa8# 1-0

[Event "*** MasterClass Titled Tuesday Blitz"]
[Site "Chess.com"]
[Date "2017.09.05"]
[Round "5"]
[White "Diwi89"]
[Black "IamSchrodingersCat"]
[Result "0-1"]
[WhiteElo "2368"]
[BlackElo "2432"]
[TimeControl "180+2"]
[EndTime "14:14:37 PDT"]
[Termination "IamSchrodingersCat won by resignation"]

1. d4 Nf6 2. Nf3 e6 3. Bg5 d5 4. Nbd2 Be7 5. e3 h6 6. Bh4 O-O 7. Bd3 b6 8. c3 Bb7 9. Ne5 Nbd7 10. f4 Ne4 11. Bxe7 Qxe7 12. Bxe4 dxe4 13. Nxd7 Qxd7 14. O-O c5 15. Qc2 Ba6 16. Rf2 Bd3 17. Qd1 c4 18. g4 f5 19. Kh1 e5 20. gxf5 exf4 21. Rxf4 Rxf5 22. Qg4 Raf8 23. Rg1 g5 24. h4 Qh7 25. Rxf5 Qxf5 26. hxg5 Qxg4 27. Rxg4 Rf2 28. gxh6+ Kh7 29. Nxe4 Rxb2 30. Nd6 Kxh6 31. e4 Rxa2 32.
e5 Re2 33. Nc8 b5 34. Rg3 a5 35.
d5 Rxe5 36. d6 Rd5 37. Re3 b4 38. cxb4 axb4 39. Re7 b3 40. d7 b2 41. Re6+ Kg5 42.
Re5+ Kf4 43. Rxd5 b1=Q+ 44. Kh2 Qc2+ 45. Kh3 Bf5+ 46. Rxf5+ Qxf5+ 47. Kg2 Qxd7 48. Nd6 Qxd6 0-1

[Event "*** MasterClass Titled Tuesday Blitz"]
[Site "Chess.com"]
[Date "2017.09.05"]
[Round "5"]
[White "Makalexa"]
[Black "novocane"]
[Result "1/2-1/2"]
[WhiteElo "2152"]
[BlackElo "2163"]
[TimeControl "180+2"]
[EndTime "14:14:39 PDT"]
[Termination "Game drawn by repetition"]

1. e4 c5 2. Nf3 Nc6 3. Nc3 e5 4. Bc4 Be7 5. d3 d6 6. Ne2 Nf6 7. Ng3 O-O 8. O-O d5 9. exd5 Nxd5 10. Re1 Bf6 11. Ne4 Bg4 12. Bxd5 Qxd5 13. h3 Bh5 14. Bh6 Nd4 15. g4 Bg6 16. Nxf6+ gxf6 17. Nxd4 cxd4 18. Bxf8 Rxf8 19. f3 f5 20. Qe2 f6 21.
Kh2 f4 22. h4 Be8 23. g5 Bc6 24. gxf6 Rxf6 25. Qxe5 Qxf3 26. Rg1+ Rg6 27. Qe6+ Kg7 28. Qe7+ Kg8 29. Qe6+ Kg7 30. Qe7+ Kg8 31. Qe6+ Kg7 32.
Qe7+ Kg8 1/2-1/2

[Event "*** MasterClass Titled Tuesday Blitz"]
[Site "Chess.com"]
[Date "2017.09.05"]
[Round "5"]
[White "chesstatour"]
[Black "nihalsarin"]
[Result "0-1"]
[WhiteElo "2072"]
[BlackElo "2640"]
[TimeControl "180+2"]
[EndTime "14:14:48 PDT"]
[Termination "nihalsarin won by resignation"]

1. c4 c6 2. e4 d5 3. exd5 cxd5 4. cxd5 Nf6 5. d4 Nxd5 6. Nc3 Nc6 7. Nf3 e6 8. Bb5 Be7 9. O-O O-O 10. Bxc6 bxc6 11. Na4 Rb8 12. b3 Ba6 13. Re1 Bb5 14. Nc5 a5 15. Ne5 Nc3 16. Qg4 Ne2+ 17. Rxe2 Bxe2 18. Qxe2 Qxd4 19. Bb2 Qxc5 20. Nd7 Qf5 21. Nxb8 Rxb8 22.
Rc1 c5 23. Qe5 Qxe5 24. Bxe5 Rb7 25. Bc3 Ra7 26. Kf1 f6 27. Ke2 Kf7 28. Kd3 a4 29. Kc4 axb3 30. axb3 Ra2 31. Rf1 e5 32. g3 Ke6 33. h4 g6 34. f3 h5 35. Rg1 Rf2 36. g4 Rxf3 37. gxh5 gxh5 38. Rg7 Rf4+ 39. Kb5 Rxh4 40. Rh7 Rh3 41. Kc4 h4 42. Be1 f5 43.
Bf2 Rf3 44. Bxc5 Bxc5 45. Kxc5 Rxb3 46. Rh6+ Kf7 47. Rxh4 Rd3 48. Kc4 Rd8 49. Rh6 f4 0-1

[Event "*** MasterClass Titled Tuesday Blitz"]
[Site "Chess.com"]
[Date "2017.09.05"]
[Round "5"]
[White "Fianchettoed-Tower"]
[Black "AdrianaNikolova"]
[Result "1-0"]
[WhiteElo "2366"]
[BlackElo "2251"]
[TimeControl "180+2"]
[EndTime "14:14:55 PDT"]
[Termination "Fianchettoed-Tower won on time"]

1. e4 c5 2. Nf3 Nc6 3. Bb5 d6 4. O-O Bd7 5. Re1 Nf6 6. c3 a6 7. Bf1 Bg4 8. h3 Bh5 9. a4 e6 10. Na3 Be7 11. d3 O-O 12. Nc2 d5 13. exd5 Nxd5 14.
Ne3 Nf4 15. Ng4 Bd6 16. Qb3 Na5 17. Qc2 Bc7 18. Nge5 Ng6 19. Nxg6 Bxg6 20. Ne5 Bf5 21.
b4 cxb4 22. cxb4 Rc8 23. Qa2 Nc6 24. Nxc6 bxc6 25. Qc4 Qd6 26. g3 Rfd8 27. Qxa6 Qxb4 28. Ba3 Qd4 29. Qc4 Bxd3 30. Qxd4 Rxd4 31. Red1 Rcd8 32.
Bc5 R4d5 33. Be7 R8d7 34. Bg2 1-0

[Event "*** MasterClass Titled Tuesday Blitz"]
[Site "Chess.com"]
[Date "2017.09.05"]
[Round "5"]
[White "VSERGUEI"]
[Black "ChadaevNikolay"]
[Result "1-0"]
[WhiteElo "2589"]
[BlackElo "2673"]
[TimeControl "180+2"]
[EndTime "14:14:59 PDT"]
[Termination "VSERGUEI won by resignation"]

1. d4 Nf6 2. c4 e6 3. Nc3 Bb4 4. f3 O-O 5. a3 Bxc3+ 6. bxc3 Nh5 7. Nh3 f5 8. Nf2 d6 9. e4 fxe4 10. Nxe4 Nc6 11. Bg5 Qe8 12. Bd3 h6 13. Be3 e5 14.
O-O Nf4 15. Bc2 Qf7 16. c5 d5 17. Ng3 Bd7 18. Qd2 Na5 19. dxe5 Nc4 20. Qf2 Nxe5 21.
Rad1 c6 22. a4 Rae8 23. Kh1 Nc4 24. Bd4 h5 25. Rfe1 h4 26. Ne2 Nxe2 27. Rxe2 Rxe2 28. Qxe2 Bf5 29. Bxf5 Qxf5 30. h3 Qg6 31. Re1 Rf7 32.
Qf2 Qg5 33. Re8+ Kh7 34. Qc2+ Qf5 35. Qxf5+ Rxf5 36. Re7 b6 37. Rxg7+ Kh6 38. Rxa7 bxc5 39. Bxc5 Re5 40. Re7 Rg5 41. Re6+ Rg6 42. Rxg6+ Kxg6 43. Be7 Kh5 44. Bd8 c5 45. a5 d4 46. cxd4 cxd4 47.
Kg1 d3 48. Kf2 d2 49. Ke2 Ne3 50. Kxd2 Nxg2 51. a6 1-0

[Event "*** MasterClass Titled Tuesday Blitz"]
[Site "Chess.com"]
[Date "2017.09.05"]
[Round "5"]
[White "michaelq2d5"]
[Black "Frolik67"]
[Result "1-0"]
[WhiteElo "2642"]
[BlackElo "2517"]
[TimeControl "180+2"]
[EndTime "14:15:03 PDT"]
[Termination "michaelq2d5 won by resignation"]

1. d4 d5 2. c4 c6 3. Nc3 Nf6 4. e3 e6 5. Nf3 Nbd7 6. Qc2 Bd6 7. g4 h6 8. Rg1 dxc4 9. Bxc4 b5 10. Be2 Bb7 11. g5 hxg5 12. Rxg5 b4 13. Na4 g6 14. e4 Be7 15. e5 Ng8 16. Rg3 Rc8 17. Ng5 Rxh2 18. Nxf7 Rh1+ 19. Kd2 Qa5 20. Qxg6 Nf8 21.
Nd6+ Kd7 22. Qxg8 Bxd6 23. exd6 Qxa4 24. b3 Qa5 25. Qg7+ Kxd6 26. Qxb7 Rc7 27. Qb8 Nd7 28. Qg8 Qf5 29. Qg5 Qxf2 30. Qe3 Qe1+ 31. Kc2 c5 32. d5 Qc3+ 33. Qxc3 bxc3 34. Bf4+ e5 35. Rxh1 exf4 36. Rg6+ Kxd5 37. Rh5+ Ke4 38. Bd3+ Kf3 39. Rh3+ Kf2 40. Re6 f3 41. Be4 c4 42.
Rxf3+ Kg2 43. Rxc3+ Kf2 44. Rxc4 Nc5 45. Re5 1-0

[Event "*** MasterClass Titled Tuesday Blitz"]
[Site "Chess.com"]
[Date "2017.09.05"]
[Round "5"]
[White "platy3"]
[Black "dolynachess"]
[Result "1-0"]
[WhiteElo "2557"]
[BlackElo "2405"]
[TimeControl "180+2"]
[EndTime "14:15:05 PDT"]
[Termination "platy3 won by resignation"]

1. e4 e6 2. d4 d5 3. Nc3 dxe4 4. Nxe4 Bd7 5. Nf3 Bc6 6. Bd3 Nd7 7. Qe2 Ngf6 8.
Neg5 Bxf3 9. Nxf3 Be7 10. O-O O-O 11. b3 a5 12. a3 c6 13. Bb2 Re8 14. c4 Bf8 15. Rad1 g6 16. Bc2 Bg7 17. Ne5 Qc7 18. Kh1 Rad8 19. f4 c5 20. dxc5 Qxc5 21. Nd3 Qc7 22. Ne5 Qc5 23. Bb1 Nxe5 24. fxe5 Nd7 25.
Qf3 Rf8 26. Qxb7 Bxe5 27. Bxe5 Nxe5 28. Qb5 Qe3 29. Rde1 Ng4 30. Rxe3 Nxe3 31. Re1 Rd2 32. Be4 Rfd8 33. h3 Rd1 34. Qxa5 Rxe1+ 35. Qxe1 Rd1 36. Qxd1 Nxd1 37. Kg1 Nc3 38. Bf3 Kf8 39. a4 e5 40. a5 e4 41. a6 exf3 42. a7 1-0

[Event "*** MasterClass Titled Tuesday Blitz"]
[Site "Chess.com"]
[Date "2017.09.05"]
[Round "5"]
[White "andreimacovei2000"]
[Black "NTBT_DHS"]
[Result "1-0"]
[WhiteElo "2419"]
[BlackElo "2527"]
[TimeControl "180+2"]
[EndTime "14:15:06 PDT"]
[Termination "andreimacovei2000 won by checkmate"]

1. d4 g6 2. h4 Nf6 3. h5 Nxh5 4. Rxh5 gxh5 5. e4 d5 6. Qxh5 dxe4 7. Nc3 c6 8. Bc4 e6 9. Nge2 b5 10. Bg5 Be7 11. Bxe7 Qxe7 12. Bb3 Nd7 13. Nxe4 Nf6 14. Qe5 Nxe4 15. Qxh8+ Kd7 16. Qxh7 Nf6 17. Qh4 a5 18. a4 Bb7 19. axb5 cxb5 20. Nc3 a4 21. Ba2 b4 22. Ne2 b3 23. Bb1 bxc2 24. Bxc2 Qb4+ 25. Kf1 Qxb2 26. Rc1 Ba6 27. Bxa4+ Ke7 28. Rc7+ Kf8 29.
Kg1 Qb1+ 30. Rc1 Qg6 31. Nf4 Qg7 32. Rc7 Bc8 33. Nh5 Qg4 34. Qxf6 Qxh5 35. Qd8+ Kg7 36. Rc3 Bb7 37. Rg3+ Kh7 38. Bc2+ f5 39. Qc7+ Kh6 40. Qf4+ Kh7 41. Qc7+ Kh6 42. Qg7# 1-0

[Event "*** MasterClass Titled Tuesday Blitz"]
[Site "Chess.com"]
[Date "2017.09.05"]
[Round "5"]
[White "wonderfultime"]
[Black "GM_dmitrij"]
[Result "1-0"]
[WhiteElo "2663"]
[BlackElo "2630"]
[TimeControl "180+2"]
[EndTime "14:15:11 PDT"]
[Termination "wonderfultime won on time"]

1. d4 d5 2. c4 e6 3. Nc3 Bb4 4. Nf3 Nf6 5. Bg5 dxc4 6. Qa4+ Nc6 7. e3 h6 8. Bxf6 Qxf6 9. Bxc4 O-O 10. O-O Qe7 11.
Rac1 Bd6 12. Ne4 e5 13. Nxd6 cxd6 14. Bd5 Bd7 15. Qb3 Rab8 16. h3 exd4 17. Nxd4 Nxd4 18. exd4 Be6 19. Rfe1 Rfe8 20. Re3 Bxd5 21. Qxd5 Qd7 22. Rce1 Rxe3 23. Rxe3 Rc8 24. Re2 b6 25. Kh2 Kf8 26. b3 Qc6 27. Qf5 Re8 28. Rxe8+ Qxe8 29. Qh7 f6 30.
Qh8+ Kf7 31. Qxe8+ Kxe8 32. Kg3 1-0

[Event "*** MasterClass Titled Tuesday Blitz"]
[Site "Chess.com"]
[Date "2017.09.05"]
[Round "5"]
[White "maciek_92"]
[Black "jlandaw"]
[Result "1-0"]
[WhiteElo "2524"]
[BlackElo "2385"]
[TimeControl "180+2"]
[EndTime "14:15:11 PDT"]
[Termination "maciek_92 won by resignation"]

1. c4 e5 2. g3 Nc6 3. Bg2 g6 4. Nc3 Bg7 5. e3 d6 6. Nge2 Nge7 7. h4 h6 8. a3 O-O 9. b4 a6 10. Rb1 Be6 11. d3 d5 12. cxd5 Nxd5 13. O-O Qd7 14. Ne4 b6 15. Bb2 Rad8 16. Rc1 f5 17. N4c3 Nce7 18.
Nxd5 Nxd5 19. Qc2 Rf7 20. d4 f4 21. e4 f3 22. Rfd1 fxg2 23. dxe5 Rdf8 24. f4 Qc8 25. exd5 Bxd5 26. Kh2 Bf3 27. Rd2 Qg4 28. Qc4 b5 29. Qd3 Rxf4 30. Nxf4 Rxf4 31. Rxc7 Qxh4+ 32. gxh4 Rxh4+ 33. Kg3 g1=Q+ 34. Kxf3 Rh3+ 35. Ke4 Qh1+ 36. Kd4 Rxd3+ 37. Kxd3 h5 38. Kd4 Qh4+ 39. Kc5 Bf8+ 40. Kb6 Qf4 41.
Re2 g5 42. e6 Bd6 43. Rc8+ Kh7 44. e7 Bxe7 45. Rxe7+ Kg6 46. Rg7+ Kf5 47. Rf8+ 1-0

[Event "*** MasterClass Titled Tuesday Blitz"]
[Site "Chess.com"]
[Date "2017.09.05"]
[Round "5"]
[White "ditkin25"]
[Black "HKBurwell"]
[Result "1-0"]
[WhiteElo "2225"]
[BlackElo "2351"]
[TimeControl "180+2"]
[EndTime "14:15:18 PDT"]
[Termination "ditkin25 won by checkmate"]

1. e4 e5 2. Nf3 Nf6 3. d4 Nxe4 4. Bd3 d5 5. Nxe5 Nd7 6. Nc3 Nxe5 7. dxe5 Nxc3 8.
bxc3 Qh4 9. O-O c6 10. Rb1 Bc5 11. Qf3 O-O 12. Be3 Be7 13. Qe2 f6 14. Bd4 c5 15.
exf6 Bxf6 16. Bxc5 Rd8 17. c4 b6 18. Ba3 d4 19. Be4 Rb8 20. Bd5+ Kh8 21. Bd6 Bg4 22.
f3 Bxf3 23. Rxf3 Rxd6 24. Re1 h6 25. Rh3 Qf4 26. Rf1 Qg5 27. Rg3 Qh4 28. Rg4 Qh5 29. Qe4 Re8 30. Qf3 Qe5 31. h3 b5 32. Re4 Qxe4 33.
Bxe4 bxc4 34. Qf5 Kg8 35. Bd5+ Kh8 36. Qg6 Rc8 37. Be4 Kg8 38. Qh7+ Kf7 39. Bg6+ Ke7 40. Re1+ Kd8 41. Qg8+ Kc7 42. Qxc4+ Rc6 43. Qf7+ Kb6 44. Rb1+ Kc5 45. Be4 R6c7 46. Qd5# 1-0

[Event "*** MasterClass Titled Tuesday Blitz"]
[Site "Chess.com"]
[Date "2017.09.05"]
[Round "5"]
[White "mwpchess"]
[Black "stefanodinn"]
[Result "1-0"]
[WhiteElo "2460"]
[BlackElo "2203"]
[TimeControl "180+2"]
[EndTime "14:15:20 PDT"]
[Termination "mwpchess won on time"]

1. e4 c5 2. Nf3 d6 3. Bb5+ Bd7 4. Bxd7+ Qxd7 5. c4 Nc6 6. d4 cxd4 7. Nxd4 g6 8. Nc3 Bg7 9. Be3 Nf6 10. f3 O-O 11. Qd2 Rac8 12. Rc1 Nxd4 13. Bxd4 Rxc4 14. Bxa7 Rfc8 15.
Be3 d5 16. exd5 Nxd5 17. O-O Bxc3 18. bxc3 Qd6 19. Bd4 e5 20. Bf2 Qe6 21. Rfe1 f6 22. Qb2 b6 23. Kh1 Kg7 24. a3 R8c6 25. h3 Nxc3 26.
Qb3 b5 27. Bg3 h5 28. f4 Ne4 29. Rxc4 Rxc4 30. fxe5 fxe5 31. Bh2 Qd5 32. Qb2 Rd4 33. Qe2 Nf6 34. Bxe5 Kf7 35. Rf1 1-0

[Event "*** MasterClass Titled Tuesday Blitz"]
[Site "Chess.com"]
[Date "2017.09.05"]
[Round "5"]
[White "TenisMaster"]
[Black "swayamsm"]
[Result "0-1"]
[WhiteElo "2742"]
[BlackElo "2523"]
[TimeControl "180+2"]
[EndTime "14:15:21 PDT"]
[Termination "swayamsm won on time"]

1. d4 Nf6 2. Bf4 c5 3. e3 Qb6 4. b3 cxd4 5. exd4 e6 6. Nf3 Nc6 7. Be2 Nd5 8. Qd2 Nxf4 9. Qxf4 Be7 10. O-O O-O 11. c3 d6 12. Nbd2 Qc7 13. Rfe1 e5 14. Qe3 Bf6 15. d5 Ne7 16. Ne4 Nxd5 17. Qd2 Be6 18.
c4 Nf4 19. Nxf6+ gxf6 20. Bf1 Kh8 21. Re4 Rg8 22. Rxf4 exf4 23. Qxf4 Qe7 24. Rd1 Rad8 25. Qe3 Qf8 26. g3 Bg4 27. Bg2 Qg7 28. Qxa7 Ra8 29. Qxb7 Rxa2 30. Qd5 Rd8 31. b4 Be6 32. Qd4 f5 33.
Qf4 Rc8 34. Qxd6 Qb2 35. Qe5+ Qxe5 36. Nxe5 Bxc4 37. Rc1 Be6 38. Rxc8+ Bxc8 0-1

[Event "*** MasterClass Titled Tuesday Blitz"]
[Site "Chess.com"]
[Date "2017.09.05"]
[Round "5"]
[White "champ2005"]
[Black "Sanan_Sjugirov"]
[Result "0-1"]
[WhiteElo "2492"]
[BlackElo "2646"]
[TimeControl "180+2"]
[EndTime "14:15:22 PDT"]
[Termination "Sanan_Sjugirov won by resignation"]

1. e4 g6 2. d4 Bg7 3. Nf3 c6 4.
c3 d6 5. Bd3 Nf6 6. h3 O-O 7.
O-O Nbd7 8. Na3 e5 9. dxe5 dxe5 10. Nc4 Qc7 11. Bc2 Rd8 12. Qd6 Qxd6 13. Nxd6 Bf8 14.
Nxc8 Raxc8 15. Be3 Bc5 16. Bg5 Kg7 17. Rfd1 h6 18. Bxf6+ Kxf6 19. Kf1 Nf8 20. Rxd8 Rxd8 21. Rd1 Re8 22. Bb3 a5 23. a4 g5 24. Ng1 h5 25. Ne2 h4 26. Ng1 Ke7 27. Nf3 f6 28. Nh2 Ng6 29. Ng4 Rh8 30. Nh2 Nf4 31. Ng4 b5 32.
axb5 cxb5 33. Nh2 a4 34. Bc2 Ra8 35. Ng4 a3 36. b4 Bb6 37. Ra1 a2 38. Bb3 Ra3 39.
Bxa2 Rxc3 40. Bg8 Rc8 41. Bh7 Bd4 42. Rb1 Rc2 43. Nh6 Rxf2+ 44. Ke1 Nd3+ 0-1

[Event "*** MasterClass Titled Tuesday Blitz"]
[Site "Chess.com"]
[Date "2017.09.05"]
[Round "5"]
[White "Yaacovn"]
[Black "GrigorGrigorov"]
[Result "1/2-1/2"]
[WhiteElo "2633"]
[BlackElo "2597"]
[TimeControl "180+2"]
[EndTime "14:15:23 PDT"]
[Termination "Game drawn by repetition"]

1. d4 Nf6 2. Nf3 g6 3. e3 Bg7 4. Be2 O-O 5. O-O d5 6. b3 c5 7. Bb2 b6 8. dxc5 bxc5 9. c4 e6 10. Nc3 Bb7 11. Na4 Nbd7 12. Rc1 Rc8 13. Ne5 Nb6 14.
Nc3 Qe7 15. Qc2 Rfd8 16. Rcd1 a6 17. Qc1 d4 18. exd4 cxd4 19. Nb1 Ne4 20. Nd3 Nd5 21. Bf3 Ndc3 22. Rde1 Nxa2 23. Qc2 Nac3 24. Bxc3 Nxc3 25. Bxb7 Qxb7 26. Nd2 Re8 27. f4 a5 28. Ne5 Ra8 29.
Qd3 Red8 30. Ndf3 Qxb3 31. Ng5 f6 32. Nxg6 hxg6 33. Qxg6 fxg5 34. Qxe6+ Kh8 35. Qh3+ Kg8 36. Qe6+ Kh8 37. Qh3+ Kg8 38. Qe6+ Kh8 1/2-1/2

[Event "*** MasterClass Titled Tuesday Blitz"]
[Site "Chess.com"]
[Date "2017.09.05"]
[Round "5"]
[White "dogeandpika4life"]
[Black "Scott-fox21"]
[Result "0-1"]
[WhiteElo "2274"]
[BlackElo "2164"]
[TimeControl "180+2"]
[EndTime "14:15:24 PDT"]
[Termination "Scott-fox21 won by checkmate"]

1. h3 d5 2. g3 e5 3. f3 Nf6 4. e3 Nc6 5. d3 Bf5 6. c3 Bc5 7.
b3 O-O 8. a3 d4 9. e4 dxc3 10.
Ne2 Nd4 11. Nexc3 Be6 12. b4 Bb3 13. bxc5 Bxd1 14. Kxd1 Nxf3 15. Be3 Nh5 16. Bf2 Nd4 17. Nd2 Qf6 18. Be1 Nf3 19. g4 Nxe1 20. Kxe1 Ng3 21. Rh2 Nxf1 22. Nxf1 Rfd8 23. Rd1 Qc6 24. Rc2 Qxc5 25.
Ke2 Qxa3 26. Nd5 c6 27. Nde3 a5 28. Nc4 Qe7 29. Nfe3 b5 30. Nd2 Ra6 31. Nf5 Qg5 32. Nf3 Qf6 33. g5 Qe6 34. h4 a4 35. h5 a3 36. g6 hxg6 37. hxg6 fxg6 38. N5h4 a2 39. Ra1 b4 40. Rb2 b3 41. Ng2 Ra3 42. Ne3 Qd6 43. Ne1 Qd4 44. Nd1 Rf8 45. Nf3 Rxf3 46. Kxf3 Qxd3+ 47. Kf2 Qxe4 48. Kf1 Qd4 49. Ke2 c5 50. Kf3 c4 51. Rc1 a1=Q 52. Rxa1 Rxa1 53. Re2 Qxd1 54. Ke4 Qxe2+ 55. Kd5 Rd1+ 56. Ke6 e4 57. Ke7 Rd5 58. Ke6 Qh5 59. Ke7 Qe5# 0-1

[Event "*** MasterClass Titled Tuesday Blitz"]
[Site "Chess.com"]
[Date "2017.09.05"]
[Round "5"]
[White "Me_ch_an"]
[Black "nickmatta"]
[Result "0-1"]
[WhiteElo "2211"]
[BlackElo "2324"]
[TimeControl "180+2"]
[EndTime "14:15:26 PDT"]
[Termination "nickmatta won on time"]

1. e4 c5 2. Na3 e6 3. f4 d5 4.
e5 h5 5. Nf3 Nh6 6. c3 Nf5 7.
Nc2 d4 8. Bd3 Nc6 9. O-O Be7 10.
Qe2 b6 11. Be4 Bb7 12. d3 Qd7 13. Qf2 O-O-O 14. a4 Na5 15. Nd2 dxc3 16. bxc3 Ba6 17. c4 Nd4 18. Nxd4 Qxd4 19. Qxd4 Rxd4 20. Nf3 Rd7 21.
Rb1 Bb7 22. Bxb7+ Kxb7 23. Rd1 Nxc4 24. Kf2 Rhd8 25. Ne1 Na5 26. Be3 Nc6 27. Ke2 Nd4+ 28. Kf2 Nf5 29. g3 h4 30. g4 Nxe3 31. Kxe3 Rd4 32.
a5 g5 33. axb6 axb6 34. fxg5 Bxg5+ 35. Kf3 Rf4+ 36. Ke2 Rxg4 37. Nf3 Bf4 38. h3 Rg2+ 39. Kf1 Rg3 40. Ke2 Rxh3 41. Rh1 Rxh1 42. Rxh1 Bg3 43.
Nxh4 Rh8 0-1

[Event "*** MasterClass Titled Tuesday Blitz"]
[Site "Chess.com"]
[Date "2017.09.05"]
[Round "5"]
[White "BIG_Pirate"]
[Black "Muracle"]
[Result "1/2-1/2"]
[WhiteElo "2322"]
[BlackElo "2456"]
[TimeControl "180+2"]
[EndTime "14:15:26 PDT"]
[Termination "Game drawn by agreement"]

1. Nf3 Nf6 2. c4 g6 3. Nc3 d5 4. cxd5 Nxd5 5. g3 Bg7 6. Bg2 Nb6 7. O-O O-O 8. a3 Nc6 9. d3 Rb8 10. Bd2 e5 11. Rc1 Be6 12. b4 Nd4 13. Rb1 c6 14. Ne4 Bd5 15. Nc5 Nxf3+ 16. Bxf3 Bxf3 17. exf3 Nd7 18. Be3 b6 19. Ne4 f5 20. Nd6 Qe7 21.
Nc4 Nf6 22. Bg5 h6 23. Bxf6 Bxf6 24. Qb3 Kh8 25. Rbc1 Rbd8 26. Ne3 Qd7 27. Rfd1 Bg5 28. Qc4 f4 29. Ng4 fxg3 30. Nxe5 gxf2+ 31. Kg2 Qf5 32. Qe4 Bxc1 33. Nxg6+ Kg7 34. Nxf8 Qxe4 35. fxe4 Kxf8 36.
Rxc1 Rxd3 37. Rxc6 Rf3 38. Kf1 Rxa3 39. Rxh6 Ra4 40.
Rh7 a6 41. Ra7 b5 42. Kxf2 Rxb4 43. Rxa6 Rxe4 44. Ra7 Rb4 45. Rb7 Rb3 46. h4 Ke8 47. Kg2 Kf8 1/2-1/2